 Dungeon Crawl Stone Soup version 0.23.2-33-g5129a83184 (webtiles) character file.

Game seed: 13945228367626728200

293 psyvane the Insei (level 6, -1/38 HPs)
             Began as an Octopode Transmuter on July 7, 2019.
             Was an Initiate of Wu Jian.
             Slain by Menkaure (16 damage)
             ... on level 5 of the Dungeon.
             The game lasted 00:16:49 (3656 turns).

psyvane the Insei (Octopode Transmuter)             Turns: 3656, Time: 00:16:49

Health: -1/38      AC:  2    Str: 11    XL:     6   Next: 33%
Magic:  16/18      EV: 20    Int: 16    God:    Wu Jian [......]
Gold:   163        SH:  0    Dex: 17    Spells: 5/9 levels left

rFire    . . .     SeeInvis .     - Unarmed
rCold    . . .     Gourm    .   (shield currently unavailable)
rNeg     . . .     Faith    .   (helmet currently unavailable)
rPois    x         Spirit   .   (no amulet)
rElec    .         Reflect  .   h - ring of magical power
rCorr    +         Harm     .   i - ring of resist corrosion
MR       .....                  (no ring)
Stlth    ++........             (no ring)
HPRegen  0.12/turn              (no ring)
MPRegen  0.16/turn              (no ring)
                                (no ring)
                                (no ring)

@: spider-form
A: tiny, almost no armour, stealthy swim, (amphibious), 8 rings, (constrict 8)
a: End Transformation, Renounce Religion


You were on level 5 of the Dungeon.
You worshipped Wu Jian.
Wu Jian was noncommittal.
You were hungry.
You were a venomous arachnid creature.
You visited 1 branch of the dungeon, and saw 5 of its levels.

You collected 163 gold pieces.

Inventory:

Missiles
 a - 12 arrows
Jewellery
 h - a ring of magical power (left front leg)
 i - a ring of resist corrosion (right front leg)
Scrolls
 d - 6 scrolls of amnesia
 f - 4 scrolls of remove curse
 g - 3 scrolls of fear {unknown}
 j - 2 scrolls of fog {unknown}
 k - 3 scrolls of teleportation {unknown}
 m - a scroll of magic mapping {unknown}
Potions
 b - a potion of curing
 n - 2 potions of lignification
 p - a potion of mutation
 q - 2 potions of brilliance
Comestibles
 c - 11 rations


   Skills:
 - Level 1.0 Fighting
 - Level 2.1 Dodging
 * Level 5.7 Unarmed Combat
 - Level 2.1 Spellcasting
 - Level 3.7 Transmutations
 - Level 1.5 Poison Magic


You had 5 spell levels left.
You knew the following spells:

 Your Spells              Type           Power        Failure   Level  Hunger
a - Beastly Appendage     Tmut           ##....       13%         1    #......
b - Spider Form           Tmut/Pois      ##........   43%         3    ###....

Your spell library contained the following spells:

 Spells                   Type           Power        Failure   Level  Hunger
 Sticks to Snakes         Tmut           ##......     19%         2    ###....
 Ice Form                 Ice/Tmut       #.......     85%         4    #####..
 Blade Hands              Tmut           ##........   90%         5    ######.


Dungeon Overview and Level Annotations

Branches:
Dungeon (5/15)
 Temple: D:4-7

Altars:
Trog
Wu Jian

Annotations:
D:5 Menkaure


Innate Abilities, Weirdness & Mutations

You cannot wear most types of armour.
You are very stealthy in the water. (Stealth+)
((You are amphibious.))
You can wear up to eight rings at the same time.
((You can use your tentacles to constrict eight enemies at once.))
((Your skin changes colour to match your surroundings (Stealth+).))
((Your rubbery body absorbs attacks. (AC +1, EV +1)))


Message History

The iguana is severely wounded.
You hit the iguana but do no damage.
The iguana looks as sick as possible!
The iguana is severely wounded.
The iguana closely misses you.
Menkaure says, "Why can't you leave me to my rest?"
You hit the iguana but do no damage.
The iguana looks as sick as possible!
The iguana is almost dead.
You kill the iguana!
The Council accepts your kill.
Menkaure hums, "Let me perform the rites..."
Menkaure mumbles some strange words.
Menkaure seems to speed up.
You lunge at Menkaure.
You bite Menkaure!
Menkaure is heavily damaged.
Menkaure hits you!!
Ouch! That really hurt!
* * * LOW HITPOINT WARNING * * *
You see here an iguana corpse.
You feel better. Menkaure hits you!
You die...

.. #.....#
..##.....#
#........#
#........#
.......# ..#
#.....# ...
#...M.# #..
#...s.#
#...#.....#
.#...####.#####
.........?....###
.................
.#...<#.#.#####
#........#
#........#
##.......#


You could see Menkaure.

Vanquished Creatures
  An ogre (D:4)
  An orc wizard (D:4)
  An iguana (D:5)
  2 worker ants (D:4)
  3 adders
  An ooze (D:1)
  A worm (D:4)
  2 dart slugs
  2 leopard geckos
  7 orcs (D:4)
  4 bats
  3 giant cockroaches
  6 goblins
  2 hobgoblins
  2 jackals (D:4)
  4 quokkas
  A ball python (D:4)
  3 frilled lizards (D:2)
  4 kobolds
  2 quokka skeletons (D:4)
  18 rats
70 creatures vanquished.

Notes
Turn   | Place    | Note
-------+----------+-------------------------------------------
     0 | D:1      | psyvane the Octopode Transmuter began the quest for the
                  | Orb.
     0 | D:1      | Reached XP level 1. HP: 13/13 MP: 3/3
   286 | D:1      | Reached XP level 2. HP: 18/18 MP: 3/5
   707 | D:1      | Reached XP level 3. HP: 20/23 MP: 6/6
   912 | D:1      | Learned a level 3 spell: Spider Form
  1493 | D:2      | Reached XP level 4. HP: 25/28 MP: 7/7
  1857 | D:2      | Noticed a moth of wrath
  1860 | D:2      | Found a bloodstained altar of Trog.
  1885 | D:2      | Reached skill level 1 in Poison Magic
  2391 | D:3      | Found an ornate altar of the Wu Jian Council.
  2402 | D:3      | Became a worshipper of the Wu Jian Council
  3005 | D:4      | Reached skill level 4 in Unarmed Combat
  3005 | D:4      | Reached XP level 5. HP: 33/33 MP: 8/8
  3415 | D:4      | Noticed an ogre
  3421 | D:4      | Killed an ogre
  3421 | D:4      | Reached skill level 5 in Unarmed Combat
  3421 | D:4      | Reached XP level 6. HP: 30/38 MP: 9/9
  3640 | D:5      | Entered Level 5 of the Dungeon
  3649 | D:5      | Noticed Menkaure
  3656 | D:5      | Slain by Menkaure

Skill      XL: |  1  2  3  4  5 |
---------------+----------------+-----
Transmutations | 3 |  3.7
Poison Magic   | 1 |  1.5
Unarmed Combat | 4 5 |  5.7
Fighting       | |  1.0
Dodging        | |  2.1
Spellcasting   | |  2.1

Action                   |  1- 3 |  4- 6 || total
-------------------------+-------+-------++-------
Melee: Unarmed           |    69 |    85 ||   154
       Constrict         |    24 |    19 ||    43
       Tentacles         |    11 |    11 ||    22
       Kick              |    13 |    12 ||    25
       Punch             |     1 |     1 ||     2
 Cast: Beastly Appendage |    26 |    19 ||    45
       Spider Form       |       |     4 ||     4
Invok: Lunge             |       |     7 ||     7
  Use: Scroll            |     4 |     5 ||     9
       Potion            |       |     2 ||     2
 Stab: Sleeping          |     6 |     3 ||     9
  Eat: Chunk             |     2 |     7 ||     9
Armor: Skin              |     9 |     6 ||    15
Dodge: Dodged            |    58 |    38 ||    96
